[ AOE2 MATCH · #477352159 ]
UnrankedItalians vs Saracens
[ REPLAY ANALYSIS · EXTRACTED FROM THE RECORDED GAME ]
Feudal
—
Castle
—
Imperial
—
| APM avg | 38.1 |
| APM peak | 87 |
| eAPM avg | 27.5 |
| Villagers / military | 210 / 2943 |
Focus
⚔️ 62.3% · 🌾 37.7%
Unknown (882) ×1116 · Genoese Crossbowman ×984 · Spearman ×650 · Scout Cavalry ×635 · Knight ×367 · Bombard Cannon ×196
Feudal
—
Castle
—
Imperial
—
| APM avg | 54.7 |
| APM peak | 282 |
| eAPM avg | 51.6 |
| Villagers / military | 288 / 1552 |
Focus
⚔️ 46.8% · 🌾 53.2%
Camel Scout ×619 · Mameluke ×521 · Mangonel ×274 · Trade Cart ×189 · Battering Ram ×114 · Bombard Cannon ×21
Feudal
—
Castle
—
Imperial
—
| APM avg | 29.8 |
| APM peak | 423 |
| eAPM avg | 27.4 |
| Villagers / military | 200 / 752 |
Focus
⚔️ 41.2% · 🌾 58.8%
Spearman ×177 · Scorpion ×170 · Knight ×126 · Teutonic Knight ×106 · Trade Cart ×103 · Mangonel ×88
Feudal
—
Castle
—
Imperial
—
| APM avg | 22.0 |
| APM peak | 131 |
| eAPM avg | 19.1 |
| Villagers / military | 295 / 1289 |
Focus
⚔️ 30.5% · 🌾 69.5%
War Elephant ×1269 · Trade Cart ×145 · Mangonel ×20
Feudal
—
Castle
—
Imperial
—
| APM avg | 37.2 |
| APM peak | 94 |
| eAPM avg | 31.5 |
| Villagers / military | 141 / 4187 |
Focus
⚔️ 50.8% · 🌾 49.2%
Scout Cavalry ×2162 · Monaspa ×1553 · Knight ×235 · Mangonel ×203 · Trade Cart ×156 · Battering Ram ×34
Feudal
—
Castle
—
Imperial
—
| APM avg | 21.9 |
| APM peak | 80 |
| eAPM avg | 16.8 |
| Villagers / military | 206 / 918 |
Focus
⚔️ 32.1% · 🌾 67.9%
Scorpion ×282 · Mangonel ×255 · Trade Cart ×105 · Skirmisher ×95 · Shotel Warrior ×90 · Camel Scout ×81
Feudal
—
Castle
—
Imperial
—
| APM avg | 6.7 |
| APM peak | 65 |
| eAPM avg | 6.4 |
| Villagers / military | 183 / 933 |
Focus
⚔️ 46.8% · 🌾 53.2%
Scout Cavalry ×443 · Bombard Cannon ×230 · Petard ×135 · Obuch ×120 · Trade Cart ×70 · Monk ×5
Feudal
—
Castle
—
Imperial
—
| APM avg | 23.5 |
| APM peak | 147 |
| eAPM avg | 21.6 |
| Villagers / military | 266 / 3555 |
Focus
⚔️ 50.5% · 🌾 49.5%
Scout Cavalry ×904 · Camel Scout ×699 · Scorpion ×569 · Knight ×375 · Mangonel ×359 · Mangudai ×359
Match map
Initial resources + every placement click. Lines = walls · curves = elevation contours. ◆ gold · ⬟ stone · ● berries · ✦ relic · ◌ wall gap
Your base· ✓ Closed at 12:00 · 0t walls · no gate
NoRush's base· ✓ Closed at 12:00 · 33t walls · 1 gate(s)
AbuzzLime8862's base· ✓ Closed at 12:00 · 0t walls · no gate
KTA's base· ✓ Closed at 12:00 · 51t walls · 2 gate(s)
TaçsızKral's base· ✓ Closed at 12:00 · 23t walls · 1 gate(s)
BeeeDawg's base· ✓ Closed at 12:00 · 63t walls · 4 gate(s)
Generał Broni's base· ✓ Closed at 12:00 · 17t walls · no gate
Bob McNicholson's base· ✓ Closed at 12:00 · 89t walls · 8 gate(s)
Smoothed initial terrain · ◌ = detected wall gap · hover for details
Inputs per minute
— tokmakbaba - - NoRush
Build order — tokmakbaba
First 150 of 1610 actions detected
| 0:03 | Create | Villager (Male) |
| 0:05 | Build | House |
| 0:06 | Build | House |
| 0:07 | Build | House |
| 0:11 | Create | Villager (Male) |
| 0:11 | Create | Villager (Male) |
| 0:18 | Create | Villager (Male) |
| 0:18 | Create | Villager (Male) |
| 0:19 | Create | Villager (Male) |
| 0:19 | Create | Villager (Male) |
| 0:19 | Create | Villager (Male) |
| 0:29 | Build | Town Center |
| 0:34 | Build | House |
| 0:35 | Build | House |
| 0:36 | Build | House |
| 0:38 | Build | House |
| 0:38 | Build | House |
| 0:39 | Build | House |
| 0:40 | Build | House |
| 0:41 | Build | House |
| 0:46 | Create | Villager (Male) |
| 0:46 | Create | Villager (Male) |
| 0:47 | Create | Villager (Male) |
| 0:47 | Create | Villager (Male) |
| 0:47 | Create | Villager (Male) |
| 0:59 | Build | Monastery |
| 1:00 | Create | Villager (Male) |
| 1:00 | Create | Villager (Male) |
| 1:01 | Create | Villager (Male) |
| 1:09 | Create | Villager (Male) |
| 1:09 | Create | Villager (Male) |
| 1:12 | Build | Town Center |
| 1:23 | Create | Monk |
| 1:23 | Create | Monk |
| 1:30 | Build | Town Center |
| 1:32 | Create | Villager (Male) |
| 1:33 | Create | Villager (Male) |
| 1:33 | Create | Villager (Male) |
| 1:38 | Create | Villager (Male) |
| 1:39 | Create | Villager (Male) |
| 1:44 | Build | House |
| 1:47 | Create | Monk |
| 1:54 | Create | Monk |
| 1:55 | Create | Monk |
| 1:59 | Create | Villager (Male) |
| 2:04 | Build | House |
| 2:04 | Build | House |
| 2:07 | Build | House |
| 2:08 | Build | House |
| 2:08 | Build | House |
| 2:08 | Build | House |
| 2:09 | Build | House |
| 2:09 | Build | House |
| 2:10 | Build | House |
| 2:10 | Build | House |
| 2:11 | Build | House |
| 2:11 | Build | House |
| 2:12 | Build | House |
| 2:17 | Create | Villager (Male) |
| 2:17 | Create | Villager (Male) |
| 2:18 | Create | Villager (Male) |
| 2:18 | Create | Villager (Male) |
| 2:18 | Create | Villager (Male) |
| 2:18 | Create | Villager (Male) |
| 2:19 | Create | Villager (Male) |
| 2:22 | Build | Town Center |
| 2:24 | Create | Villager (Male) |
| 2:25 | Create | Villager (Male) |
| 2:27 | Create | Villager (Male) |
| 2:27 | Create | Villager (Male) |
| 2:28 | Create | Villager (Male) |
| 2:32 | Create | Villager (Male) |
| 2:33 | Create | Villager (Male) |
| 2:36 | Build | Farm |
| 2:37 | Create | Villager (Male) |
| 2:38 | Create | Villager (Male) |
| 2:39 | Create | Villager (Male) |
| 2:39 | Create | Villager (Male) |
| 2:39 | Create | Villager (Male) |
| 2:42 | Build | Town Center |
| 2:42 | Create | Villager (Male) |
| 2:43 | Create | Villager (Male) |
| 2:43 | Create | Villager (Male) |
| 3:16 | Build | Farm |
| 3:17 | Create | Villager (Male) |
| 3:17 | Create | Villager (Male) |
| 3:18 | Create | Villager (Male) |
| 3:18 | Create | Villager (Male) |
| 3:18 | Create | Villager (Male) |
| 3:19 | Create | Villager (Male) |
| 3:19 | Create | Villager (Male) |
| 3:29 | Build | Market |
| 3:31 | Build | Farm |
| 3:32 | Create | Villager (Male) |
| 3:32 | Create | Villager (Male) |
| 3:32 | Create | Villager (Male) |
| 3:33 | Create | Villager (Male) |
| 3:33 | Create | Villager (Male) |
| 3:34 | Create | Villager (Male) |
| 3:35 | Create | Villager (Male) |
| 3:35 | Create | Villager (Male) |
| 3:35 | Create | Villager (Male) |
| 3:37 | Build | Farm |
| 3:38 | Build | Farm |
| 3:38 | Build | Farm |
| 3:38 | Build | Farm |
| 3:38 | Build | Farm |
| 3:42 | Build | Farm |
| 3:42 | Build | Farm |
| 3:42 | Build | Farm |
| 3:42 | Build | Farm |
| 3:45 | Build | Farm |
| 3:47 | Create | Villager (Male) |
| 3:48 | Create | Villager (Male) |
| 3:49 | Create | Villager (Male) |
| 3:49 | Create | Villager (Male) |
| 3:49 | Create | Villager (Male) |
| 3:50 | Create | Villager (Male) |
| 3:50 | Create | Villager (Male) |
| 3:50 | Create | Villager (Male) |
| 3:50 | Create | Villager (Male) |
| 3:51 | Create | Villager (Male) |
| 3:51 | Create | Villager (Male) |
| 3:51 | Create | Villager (Male) |
| 3:51 | Create | Villager (Male) |
| 3:58 | Create | Villager (Male) |
| 3:58 | Create | Villager (Male) |
| 3:59 | Create | Villager (Male) |
| 4:01 | Build | Farm |
| 4:06 | Create | Villager (Male) |
| 4:09 | Build | House |
| 4:09 | Build | House |
| 4:09 | Build | House |
| 4:10 | Build | House |
| 4:10 | Build | House |
| 4:10 | Build | House |
| 4:11 | Build | House |
| 4:11 | Build | House |
| 4:15 | Create | Villager (Male) |
| 4:16 | Create | Villager (Male) |
| 4:24 | Build | Market |
| 4:26 | Create | Trade Cart |
| 4:26 | Create | Trade Cart |
| 4:29 | Create | Trade Cart |
| 4:29 | Create | Trade Cart |
| 4:29 | Create | Trade Cart |
| 4:32 | Build | Farm |
| 4:33 | Create | Villager (Male) |
| 4:33 | Create | Villager (Male) |
| 4:34 | Create | Villager (Male) |
Build order — NoRush
First 150 of 2744 actions detected
| 0:05 | Build | Town Center |
| 0:06 | Build | Town Center |
| 0:09 | Build | Town Center |
| 0:10 | Build | Town Center |
| 0:11 | Create | Villager (Male) |
| 0:11 | Create | Villager (Male) |
| 0:11 | Create | Villager (Male) |
| 0:11 | Create | Villager (Male) |
| 0:11 | Create | Villager (Male) |
| 0:12 | Create | Villager (Male) |
| 0:12 | Create | Villager (Male) |
| 0:12 | Create | Villager (Male) |
| 0:12 | Create | Villager (Male) |
| 0:12 | Create | Villager (Male) |
| 0:12 | Create | Villager (Male) |
| 0:26 | Build | Stone Wall |
| 0:28 | Build | Stone Wall |
| 0:35 | Build | Gate |
| 0:41 | Build | Town Center |
| 0:44 | Build | Town Center |
| 1:05 | Create | Villager (Male) |
| 1:05 | Create | Villager (Male) |
| 1:05 | Create | Villager (Male) |
| 1:05 | Create | Villager (Male) |
| 1:05 | Create | Villager (Male) |
| 1:05 | Create | Villager (Male) |
| 1:05 | Create | Villager (Male) |
| 1:05 | Create | Villager (Male) |
| 1:05 | Create | Villager (Male) |
| 1:05 | Create | Villager (Male) |
| 1:05 | Create | Villager (Male) |
| 1:05 | Create | Villager (Male) |
| 1:05 | Create | Villager (Male) |
| 1:05 | Create | Villager (Male) |
| 1:05 | Create | Villager (Male) |
| 1:05 | Create | Villager (Male) |
| 1:05 | Create | Villager (Male) |
| 1:05 | Create | Villager (Male) |
| 1:05 | Create | Villager (Male) |
| 1:05 | Create | Villager (Male) |
| 1:05 | Create | Villager (Male) |
| 1:05 | Create | Villager (Male) |
| 1:05 | Create | Villager (Male) |
| 1:05 | Create | Villager (Male) |
| 1:05 | Create | Villager (Male) |
| 1:05 | Create | Villager (Male) |
| 1:05 | Create | Villager (Male) |
| 1:05 | Create | Villager (Male) |
| 1:05 | Create | Villager (Male) |
| 1:05 | Create | Villager (Male) |
| 1:06 | Create | Villager (Male) |
| 1:06 | Create | Villager (Male) |
| 1:06 | Create | Villager (Male) |
| 1:09 | Build | Town Center |
| 1:15 | Build | Town Center |
| 1:18 | Build | Town Center |
| 1:21 | Create | Villager (Male) |
| 1:21 | Create | Villager (Male) |
| 1:21 | Create | Villager (Male) |
| 1:21 | Create | Villager (Male) |
| 1:21 | Create | Villager (Male) |
| 1:21 | Create | Villager (Male) |
| 1:21 | Create | Villager (Male) |
| 1:21 | Create | Villager (Male) |
| 1:21 | Create | Villager (Male) |
| 1:21 | Create | Villager (Male) |
| 1:21 | Create | Villager (Male) |
| 1:21 | Create | Villager (Male) |
| 1:21 | Create | Villager (Male) |
| 1:21 | Create | Villager (Male) |
| 1:21 | Create | Villager (Male) |
| 1:21 | Create | Villager (Male) |
| 1:21 | Create | Villager (Male) |
| 1:21 | Create | Villager (Male) |
| 1:21 | Create | Villager (Male) |
| 1:21 | Create | Villager (Male) |
| 1:21 | Create | Villager (Male) |
| 1:21 | Create | Villager (Male) |
| 1:21 | Create | Villager (Male) |
| 1:21 | Create | Villager (Male) |
| 1:21 | Create | Villager (Male) |
| 1:21 | Create | Villager (Male) |
| 1:21 | Create | Villager (Male) |
| 1:21 | Create | Villager (Male) |
| 1:21 | Create | Villager (Male) |
| 1:21 | Create | Villager (Male) |
| 1:21 | Create | Villager (Male) |
| 1:21 | Create | Villager (Male) |
| 1:22 | Create | Villager (Male) |
| 1:30 | Build | Market |
| 1:30 | Build | Market |
| 1:30 | Build | Market |
| 1:30 | Build | Market |
| 1:30 | Build | Market |
| 1:31 | Build | Market |
| 1:31 | Build | Market |
| 1:31 | Build | Market |
| 1:31 | Build | Market |
| 1:31 | Build | Market |
| 1:31 | Build | Market |
| 1:31 | Build | Market |
| 1:31 | Build | Market |
| 1:32 | Build | Market |
| 1:32 | Build | Market |
| 1:32 | Build | Market |
| 1:32 | Build | Market |
| 1:33 | Build | Market |
| 1:35 | Build | Market |
| 1:36 | Build | Market |
| 1:37 | Build | Market |
| 1:39 | Build | Market |
| 1:40 | Build | Market |
| 1:42 | Build | Market |
| 1:43 | Build | Market |
| 1:43 | Build | Market |
| 1:46 | Build | Town Center |
| 1:51 | Create | Villager (Male) |
| 1:51 | Create | Villager (Male) |
| 1:51 | Create | Villager (Male) |
| 1:51 | Create | Villager (Male) |
| 1:51 | Create | Villager (Male) |
| 1:51 | Create | Villager (Male) |
| 1:51 | Create | Villager (Male) |
| 1:51 | Create | Villager (Male) |
| 1:51 | Create | Villager (Male) |
| 1:51 | Create | Villager (Male) |
| 1:52 | Create | Villager (Male) |
| 1:52 | Create | Villager (Male) |
| 1:52 | Create | Villager (Male) |
| 1:52 | Create | Villager (Male) |
| 1:52 | Create | Villager (Male) |
| 1:52 | Create | Villager (Male) |
| 1:52 | Create | Villager (Male) |
| 1:52 | Create | Villager (Male) |
| 1:52 | Create | Villager (Male) |
| 1:52 | Create | Villager (Male) |
| 1:52 | Create | Villager (Male) |
| 1:52 | Create | Villager (Male) |
| 1:52 | Create | Villager (Male) |
| 1:52 | Create | Villager (Male) |
| 1:52 | Create | Villager (Male) |
| 1:52 | Create | Villager (Male) |
| 1:52 | Create | Villager (Male) |
| 1:52 | Create | Villager (Male) |
| 1:52 | Create | Villager (Male) |
| 1:52 | Create | Villager (Male) |
| 1:52 | Create | Villager (Male) |
| 1:52 | Create | Villager (Male) |
| 1:52 | Create | Villager (Male) |
| 2:01 | Build | Town Center |
Build order — AbuzzLime8862
First 150 of 1238 actions detected
| 0:16 | Build | Town Center |
| 0:18 | Build | Town Center |
| 0:20 | Build | Town Center |
| 0:22 | Build | Town Center |
| 0:32 | Build | House |
| 0:32 | Build | House |
| 0:33 | Build | House |
| 0:34 | Build | House |
| 0:43 | Build | House |
| 0:45 | Build | House |
| 0:48 | Build | House |
| 0:51 | Build | House |
| 0:54 | Build | House |
| 0:57 | Build | House |
| 1:07 | Create | Villager (Male) |
| 1:08 | Create | Villager (Male) |
| 1:08 | Create | Villager (Male) |
| 1:08 | Create | Villager (Male) |
| 1:08 | Create | Villager (Male) |
| 1:09 | Create | Villager (Male) |
| 1:09 | Create | Villager (Male) |
| 1:10 | Create | Villager (Male) |
| 1:10 | Create | Villager (Male) |
| 1:10 | Create | Villager (Male) |
| 1:31 | Create | Villager (Male) |
| 1:31 | Create | Villager (Male) |
| 1:51 | Create | Villager (Male) |
| 1:52 | Create | Villager (Male) |
| 2:05 | Build | House |
| 2:09 | Build | House |
| 2:12 | Build | House |
| 2:15 | Build | House |
| 2:17 | Build | House |
| 2:19 | Build | House |
| 2:29 | Create | Villager (Male) |
| 2:29 | Create | Villager (Male) |
| 2:30 | Create | Villager (Male) |
| 2:30 | Create | Villager (Male) |
| 2:30 | Create | Villager (Male) |
| 2:31 | Create | Villager (Male) |
| 2:31 | Create | Villager (Male) |
| 2:31 | Create | Villager (Male) |
| 2:32 | Create | Villager (Male) |
| 2:32 | Create | Villager (Male) |
| 2:32 | Create | Villager (Male) |
| 2:32 | Create | Villager (Male) |
| 2:33 | Create | Villager (Male) |
| 2:33 | Create | Villager (Male) |
| 2:33 | Create | Villager (Male) |
| 2:34 | Create | Villager (Male) |
| 2:34 | Create | Villager (Male) |
| 2:35 | Create | Villager (Male) |
| 2:35 | Create | Villager (Male) |
| 2:35 | Create | Villager (Male) |
| 2:35 | Create | Villager (Male) |
| 2:36 | Create | Villager (Male) |
| 3:00 | Build | Market |
| 3:03 | Build | Market |
| 3:05 | Build | Market |
| 3:07 | Build | Market |
| 3:10 | Build | Market |
| 3:12 | Build | Market |
| 3:14 | Build | Market |
| 3:41 | Build | Castle |
| 3:44 | Build | Castle |
| 3:54 | Build | Castle |
| 4:03 | Create | Villager (Male) |
| 4:03 | Create | Villager (Male) |
| 4:03 | Create | Villager (Male) |
| 4:04 | Create | Villager (Male) |
| 4:04 | Create | Villager (Male) |
| 4:04 | Create | Villager (Male) |
| 4:05 | Create | Villager (Male) |
| 4:05 | Create | Villager (Male) |
| 4:05 | Create | Villager (Male) |
| 4:05 | Create | Villager (Male) |
| 4:06 | Create | Villager (Male) |
| 4:14 | Build | Monastery |
| 4:16 | Build | Monastery |
| 4:26 | Build | Town Center |
| 4:28 | Build | Town Center |
| 4:29 | Build | Town Center |
| 4:31 | Build | Town Center |
| 4:36 | Create | Villager (Male) |
| 4:36 | Create | Villager (Male) |
| 4:37 | Create | Villager (Male) |
| 4:37 | Create | Villager (Male) |
| 4:37 | Create | Villager (Male) |
| 4:38 | Create | Villager (Male) |
| 4:38 | Create | Villager (Male) |
| 4:38 | Create | Villager (Male) |
| 4:39 | Create | Villager (Male) |
| 4:39 | Create | Villager (Male) |
| 4:39 | Create | Villager (Male) |
| 4:39 | Create | Villager (Male) |
| 4:54 | Create | Villager (Male) |
| 4:55 | Create | Villager (Male) |
| 4:55 | Create | Villager (Male) |
| 4:55 | Create | Villager (Male) |
| 4:56 | Create | Villager (Male) |
| 4:56 | Create | Villager (Male) |
| 5:06 | Build | Siege Workshop |
| 5:08 | Build | Siege Workshop |
| 5:14 | Build | Siege Workshop |
| 5:16 | Build | Siege Workshop |
| 5:18 | Build | Siege Workshop |
| 5:22 | Build | Siege Workshop |
| 5:26 | Create | Monk |
| 5:26 | Create | Monk |
| 5:27 | Create | Monk |
| 5:27 | Create | Monk |
| 5:27 | Create | Monk |
| 5:28 | Create | Monk |
| 5:28 | Create | Monk |
| 5:29 | Create | Monk |
| 5:35 | Create | Trade Cart |
| 5:36 | Create | Trade Cart |
| 5:36 | Create | Trade Cart |
| 5:36 | Create | Trade Cart |
| 5:36 | Create | Trade Cart |
| 5:37 | Create | Trade Cart |
| 5:37 | Create | Trade Cart |
| 5:37 | Create | Trade Cart |
| 5:38 | Create | Trade Cart |
| 5:38 | Create | Trade Cart |
| 5:38 | Create | Trade Cart |
| 5:38 | Create | Trade Cart |
| 5:39 | Create | Trade Cart |
| 5:39 | Create | Trade Cart |
| 5:39 | Create | Trade Cart |
| 5:48 | Create | Trade Cart |
| 5:48 | Create | Trade Cart |
| 5:49 | Create | Trade Cart |
| 5:49 | Create | Trade Cart |
| 5:49 | Create | Trade Cart |
| 5:49 | Create | Trade Cart |
| 5:50 | Create | Trade Cart |
| 5:50 | Create | Trade Cart |
| 5:50 | Create | Trade Cart |
| 5:50 | Create | Trade Cart |
| 5:51 | Create | Trade Cart |
| 5:51 | Create | Trade Cart |
| 5:51 | Create | Trade Cart |
| 5:51 | Create | Trade Cart |
| 5:52 | Create | Trade Cart |
| 5:52 | Create | Trade Cart |
| 5:52 | Create | Trade Cart |
| 6:59 | Create | Trade Cart |
| 6:59 | Create | Trade Cart |
| 7:00 | Create | Trade Cart |
Build order — KTA
First 150 of 696 actions detected
| 0:03 | Create | Villager (Male) ×5 |
| 0:04 | Create | Villager (Male) ×5 |
| 0:04 | Create | Villager (Male) ×5 |
| 0:04 | Create | Villager (Male) ×5 |
| 0:19 | Build | House |
| 0:20 | Build | House |
| 0:20 | Build | House |
| 0:21 | Build | House |
| 0:22 | Build | House |
| 0:22 | Build | House |
| 0:23 | Build | House |
| 0:23 | Build | House |
| 0:23 | Build | House |
| 0:28 | Build | House |
| 0:50 | Build | Town Center |
| 0:51 | Build | Town Center |
| 0:53 | Build | Town Center |
| 0:55 | Build | Town Center |
| 0:59 | Build | Town Center |
| 1:00 | Build | Town Center |
| 1:03 | Build | Town Center |
| 1:07 | Build | Town Center |
| 1:17 | Build | Town Center |
| 1:23 | Build | Town Center |
| 1:53 | Build | Stone Wall |
| 1:59 | Build | Stone Wall |
| 2:05 | Build | Stone Wall |
| 2:11 | Build | Stone Wall |
| 2:17 | Build | Stone Wall |
| 2:23 | Build | Gate |
| 2:25 | Build | Gate |
| 2:38 | Build | Outpost |
| 2:39 | Build | Outpost |
| 2:44 | Build | Outpost |
| 2:49 | Build | Outpost |
| 3:01 | Create | Villager (Male) ×5 |
| 3:02 | Create | Villager (Male) ×5 |
| 3:02 | Create | Villager (Male) ×5 |
| 3:02 | Create | Villager (Male) ×5 |
| 3:18 | Build | Market |
| 3:19 | Build | Market |
| 3:21 | Build | Market |
| 3:23 | Build | Market |
| 3:27 | Build | Market |
| 3:29 | Build | Market |
| 3:30 | Build | Market |
| 3:32 | Build | Market |
| 3:42 | Create | Villager (Male) ×5 |
| 3:43 | Create | Villager (Male) ×5 |
| 3:43 | Create | Villager (Male) ×5 |
| 3:43 | Create | Villager (Male) ×5 |
| 3:47 | Create | Villager (Male) ×5 |
| 3:47 | Create | Villager (Male) ×5 |
| 3:47 | Create | Villager (Male) ×5 |
| 4:01 | Create | Villager (Male) ×5 |
| 4:01 | Create | Villager (Male) ×5 |
| 4:01 | Create | Villager (Male) ×4 |
| 4:15 | Create | Villager (Male) ×5 |
| 4:15 | Create | Villager (Male) ×5 |
| 4:15 | Create | Villager (Male) ×5 |
| 4:16 | Create | Villager (Male) ×5 |
| 4:50 | Build | Lumber Camp |
| 4:58 | Create | Villager (Male) ×5 |
| 5:03 | Create | Villager (Male) ×5 |
| 5:03 | Create | Villager (Male) ×5 |
| 5:04 | Create | Villager (Male) ×5 |
| 5:04 | Create | Villager (Male) ×5 |
| 5:10 | Create | Villager (Male) ×5 |
| 5:10 | Create | Villager (Male) ×5 |
| 5:11 | Create | Villager (Male) ×5 |
| 5:11 | Create | Villager (Male) ×5 |
| 5:38 | Build | Siege Workshop |
| 5:41 | Build | Siege Workshop |
| 5:48 | Create | Villager (Male) ×5 |
| 5:49 | Create | Villager (Male) ×5 |
| 5:49 | Create | Villager (Male) ×5 |
| 5:49 | Create | Villager (Male) ×5 |
| 6:04 | Build | Market |
| 6:11 | Create | Trade Cart ×5 |
| 6:11 | Create | Trade Cart ×5 |
| 6:11 | Create | Trade Cart ×5 |
| 6:12 | Create | Trade Cart ×5 |
| 6:12 | Create | Trade Cart ×5 |
| 6:12 | Create | Trade Cart ×5 |
| 6:12 | Create | Trade Cart ×5 |
| 6:13 | Create | Trade Cart ×5 |
| 6:13 | Create | Trade Cart ×5 |
| 6:13 | Create | Trade Cart ×5 |
| 6:40 | Build | Castle |
| 6:42 | Build | Castle |
| 6:44 | Build | Castle |
| 6:46 | Build | Castle |
| 6:48 | Build | Castle |
| 6:51 | Build | Castle |
| 7:03 | Build | Castle |
| 7:22 | Build | Mining Camp |
| 7:25 | Create | Villager (Male) ×5 |
| 7:25 | Create | Villager (Male) ×5 |
| 7:25 | Create | Villager (Male) ×5 |
| 7:26 | Create | Villager (Male) ×5 |
| 7:30 | Create | Villager (Male) ×5 |
| 7:30 | Create | Villager (Male) ×5 |
| 7:30 | Create | Villager (Male) ×5 |
| 7:31 | Create | Villager (Male) ×5 |
| 7:36 | Build | House |
| 7:37 | Build | House |
| 7:37 | Build | House |
| 7:37 | Build | House |
| 7:37 | Build | House |
| 7:38 | Build | House |
| 7:38 | Build | House |
| 7:38 | Build | House |
| 7:39 | Build | House |
| 7:39 | Build | House |
| 7:42 | Build | House |
| 7:43 | Build | House |
| 7:43 | Build | House |
| 7:45 | Build | House |
| 7:45 | Build | House |
| 7:46 | Build | House |
| 7:46 | Build | House |
| 7:47 | Build | House |
| 7:47 | Build | House |
| 7:47 | Build | House |
| 7:56 | Create | Mangonel ×5 |
| 7:56 | Create | Mangonel ×5 |
| 7:57 | Create | Mangonel ×5 |
| 8:02 | Create | Mangonel ×5 |
| 8:22 | Create | Villager (Male) ×5 |
| 8:22 | Create | Villager (Male) ×5 |
| 8:28 | Create | Trade Cart ×5 |
| 8:29 | Create | Trade Cart ×5 |
| 8:29 | Create | Trade Cart ×5 |
| 8:29 | Create | Trade Cart ×5 |
| 8:29 | Create | Trade Cart ×5 |
| 8:30 | Create | Trade Cart ×5 |
| 8:30 | Create | Trade Cart ×5 |
| 8:30 | Create | Trade Cart ×5 |
| 8:31 | Create | Trade Cart ×5 |
| 8:31 | Create | Trade Cart ×5 |
| 8:33 | Create | Trade Cart ×5 |
| 8:33 | Create | Trade Cart ×5 |
| 8:34 | Create | Trade Cart ×5 |
| 8:34 | Create | Trade Cart ×5 |
| 8:34 | Create | Trade Cart ×5 |
| 8:34 | Create | Trade Cart ×5 |
| 8:35 | Create | Trade Cart ×5 |
| 8:35 | Create | Trade Cart ×5 |
| 8:35 | Create | Trade Cart ×5 |
| 8:55 | Create | Villager (Male) ×5 |
Build order — TaçsızKral
First 150 of 1661 actions detected
| 0:07 | Create | Villager (Male) |
| 0:08 | Create | Villager (Male) |
| 0:08 | Create | Villager (Male) |
| 0:09 | Create | Villager (Male) |
| 0:09 | Create | Villager (Male) |
| 0:09 | Create | Villager (Male) |
| 0:10 | Create | Villager (Male) |
| 0:12 | Create | Villager (Male) |
| 0:12 | Create | Villager (Male) |
| 0:13 | Create | Villager (Male) |
| 0:13 | Create | Villager (Male) |
| 0:13 | Create | Villager (Male) |
| 0:14 | Create | Villager (Male) |
| 0:30 | Build | Stone Wall |
| 0:32 | Create | Villager (Male) |
| 0:33 | Create | Villager (Male) |
| 0:33 | Create | Villager (Male) |
| 0:34 | Build | House |
| 0:37 | Build | House |
| 0:53 | Build | House |
| 0:54 | Build | House |
| 1:14 | Build | Town Center |
| 1:20 | Build | Town Center |
| 1:24 | Create | Villager (Male) |
| 1:24 | Create | Villager (Male) |
| 1:32 | Build | Siege Workshop |
| 1:45 | Build | Town Center |
| 1:46 | Create | Villager (Male) |
| 1:47 | Create | Villager (Male) |
| 2:10 | Build | Gate |
| 2:15 | Create | Mangonel |
| 2:18 | Create | Mangonel |
| 2:28 | Build | Siege Workshop |
| 2:34 | Create | Villager (Male) |
| 2:35 | Create | Villager (Male) |
| 2:35 | Create | Villager (Male) |
| 2:35 | Create | Villager (Male) |
| 2:35 | Create | Villager (Male) |
| 2:42 | Create | Villager (Male) |
| 2:42 | Create | Villager (Male) |
| 2:43 | Create | Villager (Male) |
| 2:43 | Create | Villager (Male) |
| 2:44 | Create | Villager (Male) |
| 2:44 | Create | Villager (Male) |
| 2:45 | Create | Villager (Male) |
| 2:45 | Create | Villager (Male) |
| 2:45 | Create | Villager (Male) |
| 2:51 | Build | Town Center |
| 2:52 | Create | Villager (Male) |
| 2:52 | Create | Villager (Male) |
| 2:53 | Create | Villager (Male) |
| 2:53 | Create | Villager (Male) |
| 2:53 | Create | Villager (Male) |
| 3:04 | Create | Mangonel |
| 3:07 | Create | Mangonel |
| 3:12 | Build | Mule Cart |
| 3:13 | Create | Villager (Male) |
| 3:13 | Create | Villager (Male) |
| 3:13 | Create | Villager (Male) |
| 3:14 | Create | Villager (Male) |
| 3:14 | Create | Villager (Male) |
| 3:14 | Create | Villager (Male) |
| 3:15 | Create | Villager (Male) |
| 3:15 | Create | Villager (Male) |
| 3:15 | Create | Villager (Male) |
| 3:20 | Create | Villager (Male) |
| 3:20 | Create | Villager (Male) |
| 3:20 | Create | Villager (Male) |
| 3:21 | Create | Villager (Male) |
| 3:21 | Create | Villager (Male) |
| 3:22 | Create | Villager (Male) |
| 3:22 | Create | Villager (Male) |
| 3:22 | Create | Villager (Male) |
| 3:23 | Create | Villager (Male) |
| 3:46 | Build | House |
| 3:47 | Build | House |
| 3:47 | Build | House |
| 3:49 | Build | House |
| 3:49 | Build | House |
| 3:50 | Build | House |
| 3:50 | Build | House |
| 3:50 | Build | House |
| 3:51 | Build | House |
| 3:52 | Build | House |
| 3:52 | Build | House |
| 3:52 | Build | House |
| 3:55 | Create | Villager (Male) |
| 3:55 | Create | Villager (Male) |
| 3:55 | Create | Villager (Male) |
| 3:55 | Create | Villager (Male) |
| 3:59 | Create | Mangonel |
| 4:00 | Create | Mangonel |
| 4:18 | Create | Mangonel |
| 4:55 | Create | Villager (Male) |
| 4:55 | Create | Villager (Male) |
| 4:56 | Create | Villager (Male) |
| 4:56 | Create | Villager (Male) |
| 4:56 | Create | Villager (Male) |
| 4:57 | Create | Villager (Male) |
| 4:58 | Create | Villager (Male) |
| 4:58 | Create | Villager (Male) |
| 4:58 | Create | Villager (Male) |
| 4:59 | Create | Villager (Male) |
| 4:59 | Create | Villager (Male) |
| 4:59 | Create | Villager (Male) |
| 5:03 | Build | Farm |
| 5:04 | Build | Farm |
| 5:42 | Create | Villager (Male) |
| 5:42 | Create | Villager (Male) |
| 5:58 | Build | Mule Cart |
| 5:59 | Create | Villager (Male) |
| 5:59 | Create | Villager (Male) |
| 5:59 | Create | Villager (Male) |
| 6:00 | Create | Villager (Male) |
| 6:00 | Create | Villager (Male) |
| 6:00 | Create | Villager (Male) |
| 6:01 | Create | Villager (Male) |
| 6:04 | Build | Farm |
| 6:04 | Build | Farm |
| 6:05 | Build | Farm |
| 6:05 | Build | Farm |
| 6:05 | Build | Farm |
| 6:06 | Build | Farm |
| 6:06 | Build | Farm |
| 6:06 | Build | Farm |
| 6:07 | Build | Farm |
| 6:07 | Build | Farm |
| 6:07 | Build | Farm |
| 6:08 | Build | Farm |
| 6:08 | Build | Farm |
| 6:09 | Build | Farm |
| 6:09 | Build | Farm |
| 6:09 | Build | Farm |
| 6:10 | Build | Farm |
| 6:10 | Build | Farm |
| 6:10 | Build | Farm |
| 6:11 | Build | Farm |
| 6:11 | Build | Farm |
| 6:12 | Build | Farm |
| 6:12 | Build | Farm |
| 6:12 | Build | Farm |
| 6:13 | Build | Farm |
| 6:13 | Build | Farm |
| 6:14 | Build | Farm |
| 6:14 | Build | Farm |
| 6:14 | Build | Farm |
| 6:15 | Build | Farm |
| 6:15 | Build | Farm |
| 6:15 | Build | Farm |
| 6:16 | Build | Farm |
Build order — BeeeDawg
First 150 of 529 actions detected
| 0:04 | Create | Villager (Male) ×5 |
| 0:04 | Create | Villager (Male) ×5 |
| 0:05 | Create | Villager (Male) ×5 |
| 0:05 | Create | Villager (Male) ×5 |
| 0:05 | Create | Villager (Male) ×5 |
| 0:05 | Create | Villager (Male) ×5 |
| 0:11 | Build | House |
| 0:12 | Build | House |
| 0:13 | Build | House |
| 0:13 | Build | House |
| 0:13 | Build | House |
| 0:14 | Build | House |
| 0:14 | Build | House |
| 0:14 | Build | House |
| 0:15 | Build | House |
| 0:17 | Build | House |
| 0:18 | Build | House |
| 0:18 | Build | House |
| 0:18 | Build | House |
| 0:19 | Build | House |
| 0:19 | Build | House |
| 0:19 | Build | House |
| 0:20 | Build | House |
| 0:20 | Build | House |
| 0:25 | Build | Town Center |
| 0:28 | Build | Town Center |
| 0:31 | Build | Town Center |
| 0:38 | Build | Town Center |
| 0:44 | Build | Market |
| 0:47 | Build | Market |
| 0:50 | Build | Market |
| 0:52 | Build | Market |
| 0:56 | Build | Market |
| 1:01 | Build | Market |
| 1:05 | Build | Market |
| 1:06 | Build | Market |
| 1:11 | Build | Market |
| 1:13 | Build | Market |
| 1:28 | Build | Market |
| 1:35 | Build | Siege Workshop |
| 1:37 | Build | Siege Workshop |
| 1:57 | Create | Villager (Male) ×5 |
| 1:57 | Create | Villager (Male) ×5 |
| 1:57 | Create | Villager (Male) ×5 |
| 2:00 | Create | Villager (Male) ×4 |
| 2:00 | Create | Villager (Male) ×4 |
| 2:12 | Build | House |
| 2:12 | Build | House |
| 2:12 | Build | House |
| 2:13 | Build | House |
| 2:14 | Build | House |
| 2:14 | Build | House |
| 2:15 | Build | House |
| 2:15 | Build | House |
| 2:15 | Build | House |
| 2:15 | Build | House |
| 2:16 | Build | House |
| 2:17 | Build | House |
| 2:17 | Build | House |
| 2:19 | Build | House |
| 2:19 | Build | House |
| 2:21 | Build | House |
| 2:21 | Build | House |
| 2:22 | Build | House |
| 2:22 | Build | House |
| 2:23 | Build | House |
| 2:23 | Build | House |
| 2:23 | Build | House |
| 2:24 | Build | House |
| 2:24 | Build | House |
| 2:25 | Build | House |
| 2:25 | Build | House |
| 2:29 | Build | House |
| 2:30 | Build | House |
| 2:31 | Build | House |
| 2:32 | Build | House |
| 2:33 | Build | House |
| 2:33 | Build | House |
| 2:34 | Build | House |
| 2:34 | Build | House |
| 2:34 | Build | House |
| 2:35 | Build | House |
| 2:36 | Build | House |
| 2:37 | Build | House |
| 2:42 | Create | Villager (Male) |
| 2:42 | Create | Villager (Male) |
| 2:43 | Create | Villager (Male) |
| 2:56 | Build | Siege Workshop |
| 3:01 | Create | Mangonel ×5 |
| 3:01 | Create | Mangonel ×5 |
| 3:03 | Create | Mangonel ×5 |
| 3:03 | Create | Mangonel ×5 |
| 3:18 | Build | House |
| 3:18 | Build | House |
| 3:19 | Build | House |
| 3:19 | Build | House |
| 3:19 | Build | House |
| 3:20 | Build | House |
| 3:28 | Build | Town Center |
| 3:32 | Build | Town Center |
| 3:47 | Build | Castle |
| 3:50 | Build | Castle |
| 3:53 | Build | Castle |
| 4:00 | Build | Stone Wall |
| 4:05 | Build | Stone Wall |
| 4:07 | Build | Stone Wall |
| 4:18 | Build | Stone Wall |
| 4:29 | Build | Stone Wall |
| 4:37 | Build | Stone Wall |
| 4:41 | Build | Gate |
| 4:45 | Build | Gate |
| 4:47 | Build | Gate |
| 4:50 | Build | Gate |
| 5:33 | Create | Trade Cart ×5 |
| 5:33 | Create | Trade Cart ×5 |
| 5:34 | Create | Trade Cart ×5 |
| 5:37 | Create | Villager (Male) ×5 |
| 5:37 | Create | Villager (Male) ×5 |
| 5:38 | Create | Villager (Male) ×5 |
| 5:38 | Create | Villager (Male) ×5 |
| 5:38 | Create | Villager (Male) ×5 |
| 5:41 | Create | Villager (Male) ×5 |
| 5:42 | Create | Villager (Male) ×5 |
| 5:42 | Create | Villager (Male) ×5 |
| 5:42 | Create | Villager (Male) ×5 |
| 5:44 | Create | Villager (Male) ×5 |
| 5:45 | Create | Villager (Male) ×5 |
| 5:46 | Create | Villager (Male) ×5 |
| 5:46 | Create | Villager (Male) ×5 |
| 5:46 | Create | Villager (Male) ×5 |
| 5:46 | Create | Villager (Male) ×5 |
| 5:48 | Create | Villager (Male) ×5 |
| 5:49 | Create | Villager (Male) ×5 |
| 5:49 | Create | Villager (Male) ×5 |
| 5:50 | Create | Villager (Male) ×5 |
| 5:50 | Create | Villager (Male) ×5 |
| 5:50 | Create | Villager (Male) ×5 |
| 5:53 | Create | Villager (Male) ×5 |
| 5:53 | Create | Villager (Male) ×5 |
| 5:54 | Create | Villager (Male) ×5 |
| 5:54 | Create | Villager (Male) ×5 |
| 5:54 | Create | Villager (Male) ×5 |
| 5:54 | Create | Villager (Male) ×5 |
| 6:42 | Build | House |
| 6:43 | Build | House |
| 6:43 | Build | House |
| 6:44 | Build | House |
| 6:44 | Build | House |
| 6:44 | Build | House |
| 7:31 | Build | Castle |
Build order — Generał Broni
First 150 of 445 actions detected
| 0:05 | Create | Villager (Male) ×5 |
| 0:05 | Create | Villager (Male) ×5 |
| 0:05 | Create | Villager (Male) ×5 |
| 0:06 | Create | Villager (Male) ×5 |
| 0:15 | Build | Town Center |
| 0:24 | Build | Town Center |
| 0:45 | Build | House |
| 0:46 | Build | House |
| 1:02 | Build | House |
| 1:04 | Build | House |
| 1:06 | Build | House |
| 1:07 | Build | House |
| 1:10 | Build | House |
| 1:12 | Build | House |
| 1:14 | Build | House |
| 1:16 | Build | House |
| 1:18 | Build | House |
| 1:20 | Build | House |
| 1:29 | Create | Villager (Male) ×5 |
| 1:29 | Create | Villager (Male) ×5 |
| 1:30 | Create | Villager (Male) ×5 |
| 1:30 | Create | Villager (Male) ×5 |
| 1:48 | Build | House |
| 1:50 | Build | House |
| 1:52 | Build | House |
| 1:55 | Build | House |
| 1:57 | Build | House |
| 1:59 | Build | House |
| 2:00 | Build | House |
| 2:18 | Build | Town Center |
| 2:25 | Create | Villager (Male) ×2 |
| 2:25 | Create | Villager (Male) ×2 |
| 2:51 | Build | Stone Wall |
| 3:05 | Create | Villager (Male) ×5 |
| 3:06 | Create | Villager (Male) ×5 |
| 3:06 | Create | Villager (Male) ×5 |
| 3:06 | Create | Villager (Male) ×5 |
| 3:13 | Create | Villager (Male) ×5 |
| 3:14 | Create | Villager (Male) ×5 |
| 3:14 | Create | Villager (Male) ×5 |
| 3:14 | Create | Villager (Male) ×5 |
| 3:26 | Build | Castle |
| 3:55 | Build | Castle |
| 4:14 | Build | Stable |
| 4:16 | Build | Stable |
| 4:20 | Build | Stable |
| 4:32 | Build | Lumber Camp |
| 4:45 | Create | Villager (Male) ×3 |
| 4:46 | Create | Villager (Male) ×3 |
| 4:58 | Build | Siege Workshop |
| 4:59 | Build | Siege Workshop |
| 5:01 | Build | Siege Workshop |
| 5:03 | Build | Siege Workshop |
| 5:19 | Create | Villager (Male) ×5 |
| 5:20 | Create | Villager (Male) ×5 |
| 5:20 | Create | Villager (Male) ×5 |
| 5:20 | Create | Villager (Male) |
| 5:28 | Create | Villager (Male) ×2 |
| 5:28 | Create | Villager (Male) ×2 |
| 5:43 | Build | House |
| 5:44 | Build | House |
| 5:46 | Build | House |
| 5:47 | Build | House |
| 5:49 | Build | House |
| 5:51 | Build | House |
| 5:53 | Build | House |
| 5:57 | Build | House |
| 6:00 | Build | House |
| 6:04 | Build | House |
| 6:05 | Build | House |
| 6:09 | Build | House |
| 6:13 | Build | House |
| 6:17 | Build | House |
| 6:18 | Build | House |
| 6:20 | Build | House |
| 6:23 | Build | House |
| 6:25 | Build | House |
| 6:26 | Build | House |
| 6:42 | Build | Market |
| 6:44 | Build | Market |
| 7:04 | Build | Bombard Tower |
| 7:14 | Build | Lumber Camp |
| 7:26 | Build | Lumber Camp |
| 7:35 | Create | Bombard Cannon ×5 |
| 7:36 | Create | Bombard Cannon ×5 |
| 7:36 | Create | Bombard Cannon ×5 |
| 7:43 | Build | Town Center |
| 8:13 | Build | Monastery |
| 8:53 | Create | Monk ×5 |
| 9:03 | Create | Villager (Male) ×5 |
| 9:04 | Create | Villager (Male) ×5 |
| 9:04 | Create | Villager (Male) ×5 |
| 9:04 | Create | Villager (Male) ×5 |
| 9:28 | Build | Farm |
| 9:30 | Build | Farm |
| 9:33 | Build | Farm |
| 9:34 | Build | Farm |
| 9:35 | Build | Farm |
| 9:37 | Build | Farm |
| 9:39 | Build | Farm |
| 9:40 | Build | Farm |
| 9:56 | Build | Lumber Camp |
| 10:12 | Build | Lumber Camp |
| 10:22 | Build | Farm |
| 10:23 | Build | Farm |
| 10:25 | Build | Farm |
| 10:27 | Build | Farm |
| 10:29 | Build | Farm |
| 10:30 | Build | Farm |
| 10:31 | Build | Farm |
| 10:48 | Create | Villager (Male) ×5 |
| 10:48 | Create | Villager (Male) ×5 |
| 10:48 | Create | Villager (Male) ×5 |
| 10:56 | Build | Lumber Camp |
| 11:45 | Build | Mining Camp |
| 12:38 | Build | Town Center |
| 13:04 | Build | Town Center |
| 13:18 | Build | Outpost |
| 13:23 | Build | Outpost |
| 13:26 | Build | Outpost |
| 13:51 | Build | Stone Wall |
| 14:08 | Build | Mining Camp |
| 14:21 | Build | Mining Camp |
| 14:29 | Build | Mining Camp |
| 14:37 | Create | Villager (Male) ×5 |
| 14:37 | Create | Villager (Male) ×5 |
| 14:37 | Create | Villager (Male) ×5 |
| 14:38 | Create | Villager (Male) ×3 |
| 14:48 | Build | Mining Camp |
| 15:08 | Build | Castle |
| 15:20 | Build | Outpost |
| 15:38 | Build | Stable |
| 15:40 | Build | Stable |
| 15:42 | Build | Stable |
| 15:44 | Build | Stable |
| 15:47 | Build | Stable |
| 15:49 | Build | Stable |
| 15:52 | Build | Stable |
| 15:54 | Build | Stable |
| 15:58 | Build | Stable |
| 15:59 | Build | Stable |
| 16:01 | Build | Stable |
| 16:02 | Build | Stable |
| 16:26 | Build | Siege Workshop |
| 16:31 | Build | Siege Workshop |
| 16:33 | Build | Siege Workshop |
| 16:55 | Create | Villager (Male) ×5 |
| 16:55 | Create | Villager (Male) ×5 |
| 16:56 | Create | Villager (Male) ×5 |
| 16:56 | Create | Villager (Male) ×5 |
Build order — Bob McNicholson
First 150 of 1165 actions detected
| 0:27 | Build | Stone Wall |
| 0:36 | Build | Town Center |
| 0:37 | Build | Town Center |
| 0:39 | Build | Town Center |
| 0:41 | Build | Town Center |
| 0:42 | Build | Town Center |
| 0:45 | Build | Town Center |
| 0:46 | Build | Town Center |
| 0:48 | Build | Town Center |
| 0:54 | Build | Town Center |
| 1:03 | Build | Market |
| 1:03 | Build | Market |
| 1:04 | Build | Market |
| 1:05 | Build | Market |
| 1:06 | Build | Market |
| 1:06 | Build | Market |
| 1:07 | Build | Market |
| 1:07 | Build | Market |
| 1:12 | Build | Market |
| 1:21 | Create | Villager (Male) ×5 |
| 1:21 | Create | Villager (Male) ×5 |
| 1:21 | Create | Villager (Male) ×5 |
| 1:53 | Build | House |
| 1:53 | Build | House |
| 1:53 | Build | House |
| 1:54 | Build | House |
| 1:54 | Build | House |
| 1:54 | Build | House |
| 1:55 | Build | House |
| 1:55 | Build | House |
| 1:56 | Build | House |
| 1:56 | Build | House |
| 1:59 | Build | House |
| 1:59 | Build | House |
| 2:00 | Build | House |
| 2:00 | Build | House |
| 2:00 | Build | House |
| 2:01 | Build | House |
| 2:01 | Build | House |
| 2:02 | Build | House |
| 2:03 | Build | House |
| 2:03 | Build | House |
| 2:03 | Build | House |
| 2:04 | Build | House |
| 2:04 | Build | House |
| 2:04 | Build | House |
| 2:05 | Build | House |
| 2:05 | Build | House |
| 2:05 | Build | House |
| 2:06 | Build | House |
| 2:06 | Build | House |
| 2:07 | Build | House |
| 2:07 | Build | House |
| 2:08 | Build | House |
| 2:08 | Build | House |
| 2:08 | Build | House |
| 2:09 | Build | House |
| 2:09 | Build | House |
| 2:10 | Build | House |
| 2:10 | Build | House |
| 2:10 | Build | House |
| 2:11 | Build | House |
| 2:11 | Build | House |
| 2:12 | Build | House |
| 2:12 | Build | House |
| 2:12 | Build | House |
| 2:13 | Build | House |
| 2:13 | Build | House |
| 2:13 | Build | House |
| 2:14 | Build | House |
| 2:14 | Build | House |
| 2:14 | Build | House |
| 2:15 | Build | House |
| 2:15 | Build | House |
| 2:16 | Build | House |
| 2:16 | Build | House |
| 2:16 | Build | House |
| 2:19 | Build | House |
| 2:19 | Build | House |
| 2:19 | Build | House |
| 2:20 | Build | House |
| 2:20 | Build | House |
| 2:20 | Build | House |
| 2:21 | Build | House |
| 2:21 | Build | House |
| 2:21 | Build | House |
| 2:36 | Create | Villager (Male) ×5 |
| 2:36 | Create | Villager (Male) ×5 |
| 2:36 | Create | Villager (Male) ×5 |
| 2:37 | Create | Villager (Male) ×3 |
| 2:49 | Build | Stone Wall |
| 2:52 | Build | Gate |
| 2:55 | Build | Gate |
| 3:01 | Build | Stone Wall |
| 3:05 | Build | Gate |
| 3:08 | Build | Gate |
| 3:26 | Create | Villager (Male) ×5 |
| 3:27 | Create | Villager (Male) ×5 |
| 3:27 | Create | Villager (Male) ×5 |
| 3:28 | Create | Villager (Male) ×4 |
| 3:28 | Create | Villager (Male) ×4 |
| 3:28 | Create | Villager (Male) ×5 |
| 3:29 | Create | Villager (Male) ×5 |
| 3:29 | Create | Villager (Male) ×5 |
| 4:16 | Create | Villager (Male) ×5 |
| 4:16 | Create | Villager (Male) ×5 |
| 4:17 | Create | Villager (Male) ×5 |
| 4:17 | Create | Villager (Male) ×5 |
| 4:18 | Create | Villager (Male) ×5 |
| 4:18 | Create | Villager (Male) ×5 |
| 4:18 | Create | Villager (Male) ×5 |
| 4:46 | Create | Villager (Male) ×5 |
| 4:47 | Create | Villager (Male) ×5 |
| 4:47 | Create | Villager (Male) ×5 |
| 4:47 | Create | Villager (Male) ×5 |
| 4:48 | Create | Villager (Male) ×5 |
| 4:48 | Create | Villager (Male) ×5 |
| 4:49 | Create | Villager (Male) ×5 |
| 4:49 | Create | Villager (Male) ×4 |
| 4:56 | Build | Mining Camp |
| 5:10 | Create | Trade Cart ×5 |
| 5:11 | Create | Trade Cart ×5 |
| 5:11 | Create | Trade Cart ×5 |
| 5:12 | Create | Trade Cart ×5 |
| 5:12 | Create | Trade Cart ×5 |
| 5:12 | Create | Trade Cart ×5 |
| 5:13 | Create | Trade Cart ×5 |
| 5:13 | Create | Trade Cart ×5 |
| 5:14 | Create | Trade Cart ×5 |
| 5:14 | Create | Trade Cart ×5 |
| 5:14 | Create | Trade Cart ×5 |
| 5:15 | Create | Trade Cart ×5 |
| 5:15 | Create | Trade Cart ×5 |
| 5:16 | Create | Trade Cart ×5 |
| 5:16 | Create | Trade Cart ×5 |
| 5:16 | Create | Trade Cart ×5 |
| 5:17 | Create | Trade Cart ×5 |
| 5:17 | Create | Trade Cart ×5 |
| 5:18 | Create | Trade Cart ×5 |
| 5:18 | Create | Trade Cart ×5 |
| 5:18 | Create | Trade Cart ×5 |
| 5:19 | Create | Trade Cart ×5 |
| 5:19 | Create | Trade Cart ×5 |
| 5:20 | Create | Trade Cart ×5 |
| 5:36 | Build | Stone Wall |
| 5:40 | Build | Gate |
| 5:41 | Build | Gate |
| 6:12 | Build | Mining Camp |
| 7:02 | Create | Villager (Male) ×5 |
| 7:02 | Create | Villager (Male) ×5 |
Match timeline
| 0:26 | NoRush · wall_segment Stone Wall x15 |
| 0:27 | Bob McNicholson · wall_segment Stone Wall x19 |
| 0:28 | NoRush · wall_segment Stone Wall x18 |
| 0:30 | TaçsızKral · wall_segment Stone Wall x23 |
| 0:59 | tokmakbaba · first_building Monastery |
| 1:32 | TaçsızKral · first_building Siege Workshop |
| 1:35 | BeeeDawg · first_building Siege Workshop |
| 1:53 | KTA · wall_segment Stone Wall x9 |
| 1:59 | KTA · wall_segment Stone Wall x10 |
| 2:05 | KTA · wall_segment Stone Wall x4 |
| 2:11 | KTA · wall_segment Stone Wall x4 |
| 2:17 | KTA · wall_segment Stone Wall x26 |
| 2:23 | NoRush · first_building Siege Workshop |
| 2:49 | Bob McNicholson · wall_segment Stone Wall x30 |
| 2:51 | Generał Broni · wall_segment Stone Wall x17 |
| 3:01 | Bob McNicholson · wall_segment Stone Wall x21 |
| 3:26 | Generał Broni · first_building Castle |
| 3:41 | AbuzzLime8862 · first_building Castle |
| 3:47 | BeeeDawg · first_building Castle |
| 4:00 | BeeeDawg · wall_segment Stone Wall x7 |
| 4:05 | BeeeDawg · wall_segment Stone Wall x4 |
| 4:07 | BeeeDawg · wall_segment Stone Wall x12 |
| 4:14 | AbuzzLime8862 · first_building Monastery |
| 4:14 | Generał Broni · first_building Stable |
| 4:18 | BeeeDawg · wall_segment Stone Wall x13 |
| 4:29 | BeeeDawg · wall_segment Stone Wall x17 |
| 4:37 | BeeeDawg · wall_segment Stone Wall x12 |
| 4:47 | tokmakbaba · first_building Castle |
| 4:58 | Generał Broni · first_building Siege Workshop |
| 5:06 | AbuzzLime8862 · first_building Siege Workshop |
| 5:22 | Bob McNicholson · first_market_buy 500 stone |
| 5:36 | Bob McNicholson · wall_segment Stone Wall x19 |
| 5:38 | KTA · first_building Siege Workshop |
| 6:20 | tokmakbaba · first_building Siege Workshop |
| 6:40 | KTA · first_building Castle |
| 7:57 | AbuzzLime8862 · first_building Stable |
| 8:07 | tokmakbaba · first_building Barracks |
| 8:13 | Generał Broni · first_building Monastery |
| 8:45 | Bob McNicholson · first_building Siege Workshop |
| 10:18 | AbuzzLime8862 · first_building Barracks |
| 10:55 | NoRush · first_building Castle |
| 11:23 | KTA · first_market_buy 500 stone |
| 12:24 | TaçsızKral · wall_segment Stone Wall x14 |
| 12:48 | TaçsızKral · wall_segment Stone Wall x5 |
| 12:57 | TaçsızKral · wall_segment Stone Wall x11 |
| 13:51 | Generał Broni · wall_segment Stone Wall x3 |
| 14:01 | AbuzzLime8862 · wall_segment Stone Wall x17 |
| 14:14 | BeeeDawg · wall_segment Stone Wall x2 |
| 14:15 | BeeeDawg · wall_segment Stone Wall x3 |
| 14:18 | BeeeDawg · wall_segment Stone Wall x7 |
| 14:46 | TaçsızKral · wall_segment Stone Wall x3 |
| 15:14 | AbuzzLime8862 · first_market_buy 100 stone |
| 15:25 | BeeeDawg · first_building Stable |
| 15:30 | TaçsızKral · first_building Castle |
| 15:53 | BeeeDawg · first_building Archery Range |
| 16:11 | BeeeDawg · wall_segment Stone Wall x8 |
| 16:15 | BeeeDawg · wall_segment Stone Wall x12 |
| 16:19 | BeeeDawg · wall_segment Stone Wall x6 |
| 16:19 | BeeeDawg · wall_segment Stone Wall x2 |
| 16:20 | BeeeDawg · wall_segment Stone Wall x3 |
| 16:20 | tokmakbaba · first_market_buy 100 stone |
| 16:22 | Bob McNicholson · first_building Castle |
| 16:28 | BeeeDawg · wall_segment Stone Wall x9 |
| 16:34 | BeeeDawg · wall_segment Stone Wall x9 |
| 16:40 | BeeeDawg · wall_segment Stone Wall x7 |
| 17:11 | BeeeDawg · wall_segment Stone Wall x4 |
| 17:16 | BeeeDawg · wall_segment Stone Wall x11 |
| 17:20 | BeeeDawg · wall_segment Stone Wall x5 |
| 19:08 | NoRush · wall_segment Stone Wall x15 |
| 19:22 | TaçsızKral · wall_segment Stone Wall x17 |
| 19:25 | KTA · wall_segment Stone Wall x21 |
| 19:26 | NoRush · wall_segment Stone Wall x1 |
| 19:28 | KTA · wall_segment Stone Wall x19 |
| 19:30 | KTA · wall_segment Stone Wall x18 |
| 19:34 | NoRush · wall_segment Stone Wall x34 |
| 19:39 | Bob McNicholson · wall_segment Stone Wall x18 |
| 19:44 | Bob McNicholson · wall_segment Stone Wall x7 |
| 19:48 | Bob McNicholson · wall_segment Stone Wall x19 |
| 20:17 | BeeeDawg · wall_segment Stone Wall x5 |
| 20:22 | BeeeDawg · wall_segment Stone Wall x5 |
| 20:25 | BeeeDawg · wall_segment Stone Wall x9 |
| 20:28 | BeeeDawg · wall_segment Stone Wall x11 |
| 20:32 | TaçsızKral · wall_segment Stone Wall x1 |
| 20:35 | BeeeDawg · wall_segment Stone Wall x3 |
| 20:38 | BeeeDawg · wall_segment Stone Wall x7 |
| 20:41 | Generał Broni · wall_segment Stone Wall x1 |
| 21:05 | Bob McNicholson · wall_segment Stone Wall x30 |
| 21:33 | Bob McNicholson · first_building Stable |
| 22:53 | BeeeDawg · wall_segment Stone Wall x10 |
| 22:55 | BeeeDawg · wall_segment Stone Wall x1 |
| 23:42 | BeeeDawg · wall_segment Stone Wall x10 |
| 23:55 | NoRush · first_market_buy 500 stone |
| 24:56 | NoRush · tribute_sent a jugador 2 |
| 24:56 | NoRush · tribute_sent a jugador 3 |
| 24:56 | NoRush · tribute_sent a jugador 4 |
| 24:56 | NoRush · tribute_sent a jugador 5 |
| 24:56 | NoRush · tribute_sent a jugador 6 |
| 24:56 | NoRush · tribute_sent a jugador 7 |
| 24:56 | NoRush · tribute_sent a jugador 8 |
| 26:35 | Bob McNicholson · wall_segment Stone Wall x17 |
| 26:58 | KTA · wall_segment Stone Wall x14 |
| 27:03 | KTA · wall_segment Stone Wall x12 |
| 27:06 | KTA · wall_segment Stone Wall x3 |
| 27:55 | TaçsızKral · wall_segment Stone Wall x5 |
| 27:59 | TaçsızKral · wall_segment Stone Wall x13 |
| 28:32 | TaçsızKral · first_building Stable |
| 29:34 | Bob McNicholson · wall_segment Stone Wall x11 |
| 29:39 | Bob McNicholson · wall_segment Stone Wall x10 |
| 31:00 | AbuzzLime8862 · wall_segment Stone Wall x23 |
| 31:05 | TaçsızKral · wall_segment Stone Wall x17 |
| 32:37 | NoRush · tribute_sent a jugador 2 |
| 32:37 | NoRush · tribute_sent a jugador 3 |
| 32:37 | NoRush · tribute_sent a jugador 4 |
| 32:37 | NoRush · tribute_sent a jugador 5 |
| 32:37 | NoRush · tribute_sent a jugador 6 |
| 32:37 | NoRush · tribute_sent a jugador 7 |
| 32:37 | NoRush · tribute_sent a jugador 8 |
| 32:37 | TaçsızKral · wall_segment Stone Wall x17 |
| 35:14 | TaçsızKral · first_market_buy 100 stone |
| 35:19 | TaçsızKral · wall_segment Stone Wall x1 |
| 35:22 | TaçsızKral · wall_segment Stone Wall x17 |
| 36:51 | AbuzzLime8862 · wall_segment Stone Wall x15 |
| 36:54 | TaçsızKral · wall_segment Stone Wall x18 |
| 37:18 | AbuzzLime8862 · wall_segment Stone Wall x29 |
| 37:42 | AbuzzLime8862 · wall_segment Stone Wall x9 |
| 37:53 | NoRush · first_building Stable |
| 38:26 | NoRush · wall_segment Stone Wall x19 |
| 38:33 | NoRush · wall_segment Stone Wall x11 |
| 38:37 | NoRush · wall_segment Stone Wall x7 |
| 41:40 | tokmakbaba · wall_segment Palisade Wall x1 |
| 42:16 | TaçsızKral · wall_segment Stone Wall x20 |
| 42:59 | tokmakbaba · tribute_sent a jugador 1 |
| 42:59 | tokmakbaba · tribute_sent a jugador 2 |
| 42:59 | tokmakbaba · tribute_sent a jugador 3 |
| 42:59 | tokmakbaba · tribute_sent a jugador 4 |
| 42:59 | tokmakbaba · tribute_sent a jugador 6 |
| 42:59 | tokmakbaba · tribute_sent a jugador 7 |
| 42:59 | tokmakbaba · tribute_sent a jugador 8 |
| 43:41 | tokmakbaba · wall_segment Palisade Wall x1 |
| 45:11 | TaçsızKral · wall_segment Stone Wall x20 |
| 45:15 | tokmakbaba · first_building Stable |
| 47:16 | TaçsızKral · wall_segment Stone Wall x19 |
| 47:26 | TaçsızKral · wall_segment Stone Wall x19 |
| 49:12 | Generał Broni · resign |
| 52:31 | NoRush · wall_segment Stone Wall x106 |
| 53:34 | NoRush · wall_segment Stone Wall x100 |
| 56:17 | TaçsızKral · tribute_sent a jugador 1 |
| 56:17 | TaçsızKral · tribute_sent a jugador 2 |
| 56:17 | TaçsızKral · tribute_sent a jugador 3 |
| 56:17 | TaçsızKral · tribute_sent a jugador 5 |
| 56:17 | TaçsızKral · tribute_sent a jugador 6 |
| 56:17 | TaçsızKral · tribute_sent a jugador 7 |
| 56:17 | TaçsızKral · tribute_sent a jugador 8 |
| 57:33 | NoRush · tribute_sent a jugador 2 |
| 57:33 | NoRush · tribute_sent a jugador 3 |
| 57:33 | NoRush · tribute_sent a jugador 4 |
| 57:33 | NoRush · tribute_sent a jugador 5 |
| 57:33 | NoRush · tribute_sent a jugador 6 |
| 57:33 | NoRush · tribute_sent a jugador 7 |
| 57:33 | NoRush · tribute_sent a jugador 8 |
| 57:38 | Bob McNicholson · wall_segment Stone Wall x6 |
| 57:42 | Bob McNicholson · wall_segment Stone Wall x5 |
| 57:45 | Bob McNicholson · wall_segment Stone Wall x11 |
| 57:51 | Bob McNicholson · wall_segment Stone Wall x11 |
| 57:54 | Bob McNicholson · wall_segment Stone Wall x6 |
| 57:58 | Bob McNicholson · wall_segment Stone Wall x6 |
| 58:03 | NoRush · first_building Monastery |
| 59:42 | NoRush · tribute_sent a jugador 2 |
| 59:42 | NoRush · tribute_sent a jugador 3 |
| 59:42 | NoRush · tribute_sent a jugador 4 |
| 59:42 | NoRush · tribute_sent a jugador 5 |
| 59:42 | NoRush · tribute_sent a jugador 6 |
| 59:42 | NoRush · tribute_sent a jugador 7 |
| 59:42 | NoRush · tribute_sent a jugador 8 |
| 64:07 | Bob McNicholson · wall_segment Stone Wall x12 |
| 64:13 | Bob McNicholson · wall_segment Stone Wall x8 |
| 64:16 | Bob McNicholson · wall_segment Stone Wall x13 |
| 64:52 | NoRush · wall_segment Stone Wall x38 |
| 65:52 | Bob McNicholson · wall_segment Stone Wall x10 |
| 67:53 | NoRush · wall_segment Stone Wall x27 |
| 68:43 | NoRush · wall_segment Stone Wall x49 |
| 68:48 | NoRush · wall_segment Stone Wall x21 |
| 69:36 | NoRush · wall_segment Stone Wall x10 |
| 69:39 | NoRush · wall_segment Stone Wall x16 |
| 70:19 | TaçsızKral · wall_segment Stone Wall x12 |
| 70:42 | Bob McNicholson · wall_segment Stone Wall x27 |
| 70:45 | TaçsızKral · wall_segment Stone Wall x8 |
| 71:34 | NoRush · wall_segment Stone Wall x47 |
| 72:02 | NoRush · wall_segment Stone Wall x47 |
| 75:05 | Bob McNicholson · wall_segment Stone Wall x26 |
| 75:09 | Bob McNicholson · wall_segment Stone Wall x29 |
| 75:12 | Bob McNicholson · wall_segment Stone Wall x26 |
| 75:48 | NoRush · wall_segment Stone Wall x9 |
| 75:51 | NoRush · wall_segment Stone Wall x7 |
| 75:54 | NoRush · wall_segment Stone Wall x11 |
| 75:57 | NoRush · wall_segment Stone Wall x3 |
| 76:01 | NoRush · wall_segment Stone Wall x15 |
| 76:04 | NoRush · wall_segment Stone Wall x3 |
| 76:08 | NoRush · wall_segment Stone Wall x11 |
| 76:12 | NoRush · wall_segment Stone Wall x11 |
| 76:21 | NoRush · wall_segment Stone Wall x20 |
| 76:23 | Bob McNicholson · wall_segment Stone Wall x31 |
| 77:04 | Bob McNicholson · wall_segment Stone Wall x20 |
| 77:09 | Bob McNicholson · wall_segment Stone Wall x21 |
| 77:14 | NoRush · wall_segment Stone Wall x56 |
| 77:21 | NoRush · wall_segment Stone Wall x18 |
| 78:19 | Bob McNicholson · wall_segment Stone Wall x9 |
| 78:21 | Bob McNicholson · wall_segment Stone Wall x6 |
| 79:35 | TaçsızKral · wall_segment Stone Wall x20 |
| 83:42 | tokmakbaba · wall_segment Stone Wall x16 |
[ AI ANALYSIS · 1 CREDIT ]
What really happened in this match?
Wolo.gg analyzes every decision: build order, eco, micro, common mistakes by bracket. Personalized analysis on WhatsApp or Discord in 30 seconds.
Civ guide
Italians
Perfil
Jugador #2201896